 Dungeon Crawl Stone Soup version 0.28.0-53-g5a82cb258f (webtiles) character file.

Game seed: 18200546030242476325

131036 Revguard the Apostle (level 17, -7/151 HPs)
             Began as a Hill Orc Fighter on July 7, 2022.
             Was a High Priest of Beogh.
             Hit by a silver javelin thrown by a merfolk javelineer (14 damage)
             ... on level 4 of the Shoals.
             The game lasted 02:17:00 (33063 turns).

Revguard the Apostle (Hill Orc Fighter)            Turns: 33063, Time: 02:17:00

Health: -7/151     AC: 26    Str: 21    XL:     17   Next: 9%
Magic:  23/30      EV:  9    Int:  8    God:    Beogh [*****.]
Gold:   2152       SH: 25    Dex: 20    Spells: 16/16 levels left

rFire   + + +      SeeInvis .   y - +5 broad axe (flame)
rCold   + + .      Faith    .   M - +1 tower shield
rNeg    + . .      Spirit   .   R - +1 plate armour
rPois   +          Reflect  +   o - +0 helmet
rElec   .          Harm     .   D - scarf {rC+ rF+}
rCorr   .          Rampage  .   p - +1 pair of gloves of the Playwright {rN+ Will+}
Will    ++...      Clarity  +   T - +0 pair of boots
Stlth   ..........              l - amulet of reflection
HPRegen 0.35/turn               q - ring "Plog" {rPois rF+}
MPRegen 0.22/turn               E - ring of Daeleshre {rF+ rC+ AC+4 Dex+4}

@: no status effects
A: walk on water, clarity, subdued magic 1
a: Renounce Religion, Smiting, Recall Orcish Followers, Give Item to Named
Follower


You were on level 4 of the Shoals.
You worshipped Beogh.
Beogh was extremely pleased with you.
You visited 4 branches of the dungeon, and saw 27 of its levels.
You visited 1 bazaar.
You also visited: Ossuary, Ice Cave and Volcano.

You collected 3745 gold pieces.
You spent 1593 gold pieces at shops.

Inventory:

Hand Weapons
 b - a +5 vampiric rapier
 e - the +7 hand axe of Bloody Death {freeze, Dex+4}
   (You found it in an ice cave)

   It freezes those it strikes, dealing additional cold damage.
   It can also slow down cold-blooded creatures.
   Dex:       It affects your dexterity (+4).
 g - a +6 spear of flaming
 j - a +3 scimitar of flaming
 u - a +5 war axe of draining
 y - a +5 broad axe of flaming (weapon)
 O - a +5 war axe of flaming
 Z - the +10 dagger "Seton" {vorpal, Drain rElec Dex+5}
   (You took it off an orc warrior on level 9 of the Dungeon)

   It inflicts extra damage upon your enemies.
   Dex:       It affects your dexterity (+5).
   rElec:     It insulates you from electricity.
   Drain:     It drains your maximum health when unequipped.
Missiles
 X - a throwing net (quivered)
Armour
 f - a +0 troll leather armour
 h - a +1 kite shield
 o - a +0 helmet (worn)
 p - the +1 pair of gloves of the Playwright (worn) {rN+ Will+}
   (You found it in an ice cave)

   rN:        It protects you from negative energy.
   Will:      It increases your willpower.
 z - +0 steam dragon scales
 D - a scarf of resistance (worn)
 F - the +2 scale mail of the True Pharaoh {-Cast *Corrode rElec rN+++}
   (You found it on level 13 of the Dungeon)

   rElec:     It insulates you from electricity.
   rN:        It renders you almost immune to negative energy.
   -Cast:     It prevents spellcasting.
   *Corrode:  It may corrode you when you take damage.
 M - a +1 tower shield (worn)
 R - a +1 plate armour (worn)
 S - a +0 plate armour
 T - a +0 pair of boots (worn)
Jewellery
 l - an amulet of reflection (around neck)
 q - the ring "Plog" (left hand) {rPois rF+}
   (You found it on level 5 of the Lair of Beasts)

   [ring of poison resistance]

   rF:        It protects you from fire.
   rPois:     It protects you from poison.
 A - a ring of flight
 E - the ring of Daeleshre (right hand) {rF+ rC+ AC+4 Dex+4}
   (You bought it in a shop on level 14 of the Dungeon)

   [ring of protection]

   AC:        It affects your AC (+4).
   Dex:       It affects your dexterity (+4).
   rF:        It protects you from fire.
   rC:        It protects you from cold.
Wands
 i - a wand of flame (31)
 n - a wand of polymorph (14)
 s - a wand of acid (7)
 v - a wand of digging (9)
 B - a wand of charming (16)
 H - a wand of mindburst (3)
 K - a wand of iceblast (11)
 W - a wand of paralysis (3)
Scrolls
 k - 8 scrolls of immolation
 r - 12 scrolls of identify
 t - 3 scrolls of magic mapping
 w - a scroll of silence
 G - 4 scrolls of fear
 L - 9 scrolls of teleportation
 N - a scroll of summoning
Potions
 d - 8 potions of might
 m - 3 potions of haste
 x - 3 potions of magic
 C - 4 potions of mutation
 I - 12 potions of curing
 P - 2 potions of flight
 Q - a potion of heal wounds
 V - a potion of invisibility
Miscellaneous
 a - a box of beasts (inert)
 c - a condenser vane (inert)


   Skills:
 + Level 13.7 Fighting
 + Level 14.5 Axes
 + Level 12.7 Armour
 + Level 9.4 Dodging
 + Level 12.7 Shields
 + Level 18.6 Invocations
 + Level 11.2 Evocations


You had 16 spell levels left.
You didn't know any spells.
Your spell library contained the following spells:

 Spells                   Type           Power      Damage    Failure   Level
 Beastly Appendage        Tmut           0%         N/A       100%        1
 Magic Dart               Conj           0%         1d3       100%        1
 Sandblast                Erth           0%         2d4       100%        1
 Sting                    Tmut/Pois      0%         1d3       100%        1
 Call Imp                 Summ           0%         N/A       100%        2
 Poisonous Vapours        Pois/Air       0%         N/A       100%        2
 Searing Ray              Conj           0%         2d4       100%        2
 Wereblood                Tmut           0%         N/A       100%        2
 Call Canine Familiar     Summ           0%         N/A       100%        3
 Confusing Touch          Hex            0%         N/A       100%        3
 Gell's Gravitas          Tloc           0%         N/A       100%        3
 Ignite Poison            Fire/Tmut/Pois 0%         N/A       100%        3
 Lesser Beckoning         Tloc           0%         N/A       100%        3
 Mephitic Cloud           Conj/Pois/Air  0%         N/A       100%        3
 Ozocubu's Armour         Ice            0%         N/A       100%        3
 Portal Projectile        Hex/Tloc       0%         N/A       100%        3
 Stone Arrow              Conj/Erth      0%         3d7       100%        3
 Teleport Other           Tloc           0%         N/A       100%        3
 Animate Armour           Summ/Erth      0%         N/A       100%        4
 Animate Dead             Necr           0%         N/A       100%        4
 Cause Fear               Hex            0%         N/A       100%        4
 Fulminant Prism          Conj/Hex       0%         3d6       100%        4
 Leda's Liquefaction      Hex/Erth       0%         N/A       100%        4
 Olgreb's Toxic Radiance  Pois           0%         N/A       100%        4
 Petrify                  Tmut/Erth      0%         N/A       100%        4
 Borgnjor's Vile Clutch   Necr/Erth      0%         N/A       100%        5
 Fireball                 Conj/Fire      0%         3d3       100%        5
 Freezing Cloud           Conj/Ice/Air   0%         6-21      100%        5
 Iskenderun's Battlesphe  Conj           0%         2d6       100%        5
 Lee's Rapid Deconstruct  Erth           0%         3d5*      100%        5
 Yara's Violent Unravell  Hex/Tmut       0%         3d3       100%        5
 Conjure Ball Lightning   Conj/Air       0%         3x3d6     100%        6
 Death Channel            Necr           0%         N/A       100%        6
 Iron Shot                Conj/Erth      0%         9d1       100%        6
 Statue Form              Tmut/Erth      0%         N/A       100%        6
 Dragon Form              Tmut           0%         N/A       100%        7
 Enfeeble                 Hex            0%         N/A       100%        7
 Malign Gateway           Summ/Tloc      0%         N/A       100%        7
 Orb of Destruction       Conj           0%         9d5       100%        7
 Ozocubu's Refrigeration  Ice            0%         4d5       100%        7
 Spellforged Servitor     Conj/Summ      0%         N/A       100%        7
 Summon Horrible Things   Summ           0%         N/A       100%        8
 Dragon's Call            Summ           0%         N/A       100%        9


Dungeon Overview and Level Annotations

Branches:
Dungeon (15/15)            Temple (0/1) D:7            Lair (6/6) D:10
 Shoals (4/4) Lair:4        Snake (0/4) Lair:4        Slime (0/5) Lair:6
    Orc (2/2) D:10            Elf (0/3) Orc:2        Vaults (0/5) D:14
 Depths (0/4) D:15        Ossuary (visited)           IceCv (visited)
Volcano (visited)

Altars:
Ashenzari
Cheibriados
Fedhas
Hepliaklqana
Makhleb
Okawaru
Ru
Sif Muna
Trog
Uskayaw
Vehumet
Xom
Yredelemnul
Beogh
Jiyva

Shops:
D:9 (   D:14 =((*?   Orc:1 [   Orc:2 *:?:   Shoals:1 ?   Shoals:2 (

Portals:
Trove: D:11 (give 18 potions of curing)


Innate Abilities, Weirdness & Mutations

You can walk on water.
You possess an exceptional clarity of mind.
Your spells are a little easier to cast, but a little less powerful.


Message History

The bolt of lightning hits your orc wizard!!
Your orc wizard dies!
You hear a shout!
Aiming: Smiting
Press: ? - help, Dir - move target, f/p - storm dragon Smite: a storm dragon (moderately wounded, catching its breath, ally target)
You smite the storm dragon!!
The storm dragon is heavily wounded.
A merfolk impaler comes into view.
It is wielding a +3 trident of venom and wearing a +3 leather armour of poison resistance.
The merfolk javelineer throws a silver javelin.
The silver javelin pierces through you!!
* * * LOW HITPOINT WARNING * * *
The silver sears you!
* * * LOW HITPOINT WARNING * * *
Bogric roars a battlecry!
Your orc knights go into a battle-frenzy!
You feel much better.
Wulfoc roars a battlecry!
Bogric goes into a battle-frenzy!
The storm dragon breathes lightning at you.
The bolt of lightning misses you. The bolt of lightning hits you!!!
* * * LOW HITPOINT WARNING * * *
The bolt of lightning hits the storm dragon.
The storm dragon completely resists.
The merfolk javelineer throws a silver javelin.
The silver javelin completely misses your orc knight.
The silver javelin pierces through you!
* * * LOW HITPOINT WARNING * * *
The silver sears you!
* * * LOW HITPOINT WARNING * * *
Bogric barely misses the storm dragon.
As you read the scroll of fear, it crumbles to dust.
You assume a fearsome visage.
The merfolk javelineer resists with some effort.
The storm dragon looks frightened!
The merfolk impaler looks frightened!
Wulfoc barely misses the storm dragon.
The merfolk javelineer throws a silver javelin.
The silver javelin pierces through your orc knight!!
The silver javelin pierces through you!
You die...

....# .......... ....
#..≈#≈#≈ .P.##
####++###########≈≈o≈≈≈
####
.P.^P....P...P..########
.P#.P##..#..PP#P.#8...).
....PP.......##.#...≈..
≈ ≈≈≈≈≈≈≈≈≈≈≈..#P#...≈≈.
#≈≈##≈≈##≈≈#≈≈.#.#..≈≈≈.
#......)...##≈.#.#..≈≈≈.
......o@om..#≈.#.#.≈≈#≈.
...#..))#...#≈.#.#..≈#≈≈
#.o.D##..#≈.#.#.≈≈≈≈≈
#)....)#).#≈P#.#.≈≈##≈
#.."=P.#..#≈.#.'.≈#≈≈≈
#..φ)..#P.#≈.#.'.≈≈.≈≈
#=...."# P#≈.#.#.≈≈.≈≈
##m≈≈≈## #≈.#.#(≈≈≈≈≈
≈≈≈#. #≈.#.#.#≈.≈.


You could see a storm dragon (fleeing, catching breath, ally target), a merfolk
impaler (fleeing), a merfolk javelineer, the friendly Bogric the orc warlord
(strong), a friendly orc knight (strong) and the friendly Wulfoc the orc knight
(strong).

Vanquished Creatures
  Jorgrun (Shoals:2)
  A kraken (Shoals:3)
  Polyphemus (Shoals:4)
  A rockslime (IceCv)
  2 azure jellies (IceCv)
  4 quicksilver oozes (IceCv)
  2 orc knights (Orc:2)
  2 merfolk javelineers
  The ghost of Ofobribb the Slicer, a journeyman VSBe of Trog (D:13)
  A yaktaur captain (D:13)
  2 merfolk impalers
  A fire dragon (Volcano)
  2 vault guards (D:14)
  2 boulder beetles
  2 hydras
  3 merfolk avatars
  3 ogre magi (Orc:2)
  An alligator snapping turtle (Shoals:2)
  4 merfolk aquamancers
  3 centaur warriors
  3 satyrs
  A catoblepas (Shoals:4)
  An alligator (Lair:6)
  8 two-headed ogres
  2 death yaks (Shoals:4)
  3 skeletal warriors
  4 sea snakes
  A wizard (D:14)
  A deep elf pyromancer (D:9)
  2 orange crystal statues (IceCv)
  Pikel (D:6)
  A lindwurm (Volcano)
  9 harpies
  9 fauns
  2 ugly things (D:15)
  11 manticores
  2 orc sorcerers
  2 cyclopes
  3 water nymphs
  3 merfolk sirens
  A black mamba (Lair:6)
  3 cane toads
  2 rime drakes
  A freezing wraith (D:15)
  4 very ugly thing simulacra (IceCv)
  4 komodo dragons
  A troll (D:9)
  6 entropy weaver simulacra (IceCv)
  5 polar bears
  6 wind drakes
  3 blink frogs
  15 merfolk
  3 dream sheep (Shoals:2)
  15 slime creatures (IceCv)
  7 snapping turtles
  2 wraiths (Ossuary)
  17 water elementals
  A wyvern (Lair:3)
  A human (D:10)
  7 fire bats (Volcano)
  13 yaks
  3 steam dragons
  An acid dragon (Lair:6)
  Duvessa (D:7)
  4 demonic crawler simulacra (IceCv)
  2 hell hounds (Volcano)
  7 water moccasins
  A swamp drake (Lair:6)
  10 orc warriors
  An ice beast (D:5)
  3 black bears
  2 necrophages
  3 ugly thing simulacra (IceCv)
  3 wolves
  24 ogres
  6 centaurs
  2 phantoms (D:5)
  2 kobold brigands
  6 bullfrogs
  A wyvern zombie (D:6)
  2 scorpions (D:6)
  Dowan (D:7)
  8 wights
  5 howler monkeys
  A jelly (D:5)
  Crazy Yiuf (D:2)
  5 centaur zombies
  3 gnoll shamans
  2 hounds
  5 iguanas
  9 orc wizards
  A scorpion zombie (D:5)
  A centaur simulacrum (D:9)
  3 hound skeletons
  A howler monkey zombie (D:6)
  A howler monkey skeleton (D:7)
  7 gnolls (D:6)
  14 adders
  An adder zombie (Ossuary)
  3 worms
  A dart slug (D:5)
  16 orcs
  5 bats
  4 endoplasms
  3 giant cockroaches
  4 goblins
  4 hobgoblins
  6 jackals (D:4)
  5 quokkas
  13 ball pythons
  5 frilled lizards (D:1)
  2 hobgoblin skeletons (Ossuary)
  2 hobgoblin zombies (Ossuary)
  13 kobolds
  2 kobold zombies (Ossuary)
  2 orc skeletons (Ossuary)
  An orc zombie (Ossuary)
  5 rats
  A butterfly (Lair:6)
  A tentacle (Shoals:3)
476 creatures vanquished.

Vanquished Creatures (collateral kills)
  Roxanne (D:15)
  A fire dragon (Lair:6)
  3 merfolk impalers (Shoals:4)
  Erolcha (D:9)
  3 vault guards (D:14)
  10 hydras
  3 boulder beetles
  2 ogre magi
  2 alligator snapping turtles
  11 two-headed ogres
  A death knight (D:15)
  A catoblepas (Lair:5)
  A centaur warrior (D:13)
  A swamp dragon (Lair:6)
  4 sea snakes
  3 skeletal warriors
  2 deep elf archers (D:12)
  A golden dragon skeleton (D:15)
  A deep elf zephyrmancer (D:12)
  4 phantasmal warriors (D:15)
  A lindwurm (Lair:5)
  A tengu zombie (D:15)
  A necromancer (D:15)
  2 orc knights (Orc:1)
  14 ugly things
  2 deep elf pyromancers (D:15)
  A frost giant zombie (D:15)
  2 cyclopes
  A wolf spider (D:12)
  3 manticores
  A stone giant zombie (D:15)
  9 black mambas
  4 water nymphs (Shoals:4)
  9 elephants
  7 cane toads
  A gargoyle (D:9)
  2 rime drakes (Lair:6)
  A yaktaur (D:14)
  An efreet (D:14)
  6 komodo dragons
  2 freezing wraiths
  3 trolls
  2 wind drakes
  9 polar bears
  5 merfolk
  A hornet (Lair:2)
  A blink frog (shapeshifter) (D:13)
  6 blink frogs
  2 snapping turtles
  A spriggan (Lair:2)
  2 air elementals (Shoals:4)
  A water elemental (Shoals:4)
  2 shadows (D:11)
  2 vampires
  A wraith (D:9)
  4 basilisks
  28 yaks
  2 wyverns
  A human (D:10)
  2 hogs (D:14)
  4 vampire mosquitoes (D:14)
  3 steam dragons
  3 wargs
  18 water moccasins
  12 orc warriors
  2 swamp drakes (Lair:6)
  5 black bears
  4 centaurs
  7 ogres (Orc:2)
  9 wolves
  A gnoll sergeant (D:9)
  4 bullfrogs
  A scorpion (D:7)
  2 killer bees (D:9)
  3 wights
  An electric eel (Lair:6)
  3 howler monkeys
  2 centaur zombies (D:9)
  A gnoll shaman (D:9)
  3 iguanas (Lair:6)
  2 orc wizards (D:8)
  A howler monkey zombie (D:9)
  8 orcs
  2 kobolds (D:10)
  A butterfly (Lair:6)
  2 plants
306 creatures vanquished.

Vanquished Creatures (others)
  An orc warlord (Shoals:4)
  An orc high priest (Shoals:4)
  A deep elf knight (D:12)
  2 orc knights
  A wizard (D:3)
  3 orc warriors
  A slime creature (IceCv)
  4 orc priests
  5 orc wizards
  A white imp (D:3)
  23 orcs
  2 kobolds (D:3)
  56 fungi
  152 plants
  4 tentacles (Shoals:3)
  5 withered plants (D:15)
262 creatures vanquished.

Grand Total: 1044 creatures vanquished

Notes
Turn   | Place    | Note
-------+----------+-------------------------------------------
     0 | D:1      | Revguard the Hill Orc Fighter began the quest for the Orb.
     0 | D:1      | Reached XP level 1. HP: 19/19 MP: 1/1
   289 | D:1      | Reached skill level 1 in Invocations
   289 | D:1      | Reached XP level 2. HP: 20/27 MP: 2/2
   484 | D:1      | Found a faded altar of an unknown god.
   657 | D:1      | Reached XP level 3. HP: 28/33 MP: 4/4
  1383 | D:2      | Found a runed translucent door.
  1384 | D:2      | Noticed Crazy Yiuf
  1798 | D:2      | Reached skill level 1 in Evocations
  1962 | D:2      | Killed Crazy Yiuf
  1963 | D:2      | Reached skill level 2 in Invocations
  1963 | D:2      | Reached XP level 4. HP: 19/40 MP: 3/5
  2216 | D:3      | Became a worshipper of Beogh the Brigand
  2549 | D:3      | Found a radiant altar of Vehumet.
  2571 | D:3      | Found a bloodstained altar of Trog.
  2694 | D:3      | Reached skill level 1 in Dodging
  2765 | D:3      | Reached XP level 5. HP: 41/46 MP: 5/7
  3525 | D:3      | Found a burning altar of Makhleb.
  3525 | D:3      | Found a blossoming altar of Fedhas.
  3541 | D:3      | Noticed a wizard
  3548 | D:3      | Killed a wizard
  3599 | D:4      | Reached skill level 3 in Invocations
  3675 | D:4      | Reached * piety under Beogh
  3751 | D:4      | Noticed a necrophage
  3759 | D:4      | Killed a necrophage
  3760 | D:4      | Reached XP level 6. HP: 50/53 MP: 6/8
  4223 | D:4      | Reached skill level 4 in Invocations
  4452 | D:5      | Entered Level 5 of the Dungeon
  4524 | D:5      | Reached XP level 7. HP: 34/60 MP: 5/10
  4736 | D:5      | Reached skill level 5 in Fighting
  4736 | D:5      | Reached skill level 5 in Invocations
  4770 | D:5      | Reached ** piety under Beogh
  4785 | D:5      | Found a sand-covered staircase.
  4800 | Ossuary  | Entered an ossuary
  5145 | Ossuary  | Noticed a wraith
  5145 | Ossuary  | Noticed a flying skull
  5180 | Ossuary  | Noticed a wraith
  5193 | Ossuary  | Killed a wraith
  5194 | Ossuary  | Reached XP level 8. HP: 35/68 MP: 7/12
  5337 | Ossuary  | Noticed a flying skull
  5339 | Ossuary  | Noticed a flying skull
  5339 | Ossuary  | Noticed a flying skull
  5368 | Ossuary  | Noticed a wraith
  5379 | Ossuary  | Killed a wraith
  5380 | Ossuary  | Reached skill level 5 in Axes
  5380 | Ossuary  | Reached skill level 6 in Invocations
  5477 | Ossuary  | Reached skill level 5 in Shields
  5571 | D:5      | Reached skill level 5 in Armour
  6026 | D:5      | Gained mutation: You possess an exceptional clarity of
                  | mind. [potion of mutation]
  6026 | D:5      | Gained mutation: Your spells are a little easier to cast,
                  | but a little less powerful. [potion of mutation]
  6098 | D:6      | Reached skill level 7 in Invocations
  6106 | D:6      | Noticed Pikel
  6115 | D:6      | Killed Pikel
  6116 | D:6      | Reached XP level 9. HP: 45/75 MP: 11/14
  6125 | D:6      | Reached *** piety under Beogh
  6128 | D:6      | Reached skill level 8 in Invocations
  7072 | D:7      | Found a hazy altar of Hepliaklqana.
  7423 | D:7      | Noticed Dowan
  7427 | D:7      | Noticed Duvessa
  7428 | D:7      | Killed Dowan
  7445 | D:7      | Killed Duvessa
  7446 | D:7      | Reached skill level 9 in Invocations
  7453 | D:7      | Found a staircase to the Ecumenical Temple.
  7605 | D:7      | Got Sif Muna's Disquisition on Transmutation
  7784 | D:8      | Found a broken altar of Ashenzari.
  7786 | D:8      | Identified the +9 spear of Sihon {protect, rF+ Str+2}
  7795 | D:8      | Reached XP level 10. HP: 79/84 MP: 14/16
  8387 | D:8      | Found a shimmering altar of Xom.
  8389 | D:8      | Found a shimmering blue altar of Sif Muna.
  8389 | D:8      | Found a shimmering altar of Xom.
  8391 | D:8      | Found a shimmering blue altar of Sif Muna.
  8391 | D:8      | Found an iron altar of Okawaru.
  8391 | D:8      | Found a bloodstained altar of Trog.
  8695 | D:9      | Noticed a seven-headed hydra
  8695 | D:9      | Found Kuxi's Hydra Hut.
  8716 | D:9      | Bought a +0 war axe of flaming for 99 gold pieces
  8730 | D:9      | Noticed a cyan ugly thing
  8738 | D:9      | Killed a cyan ugly thing
  8739 | D:9      | Reached skill level 5 in Evocations
  8753 | D:9      | Reached **** piety under Beogh
  8774 | D:9      | Reached skill level 10 in Invocations
  8881 | D:9      | Noticed a centaur warrior
  8888 | D:9      | Killed a centaur warrior
  9295 | D:9      | Noticed a seven-headed hydra
  9298 | D:9      | Killed a seven-headed hydra
  9439 | D:9      | Noticed Erolcha
  9443 | D:9      | Killed Erolcha
  9819 | D:9      | Noticed a two-headed ogre
  9826 | D:9      | Killed a two-headed ogre
  9827 | D:9      | Reached XP level 11. HP: 76/94 MP: 13/19
  9968 | D:9      | Noticed a deep elf pyromancer
  9973 | D:9      | Killed a deep elf pyromancer
  9974 | D:9      | Reached skill level 11 in Invocations
 10176 | D:9      | Noticed a two-headed ogre
 10179 | D:9      | Killed a two-headed ogre
 10193 | D:9      | Identified the +10 dagger "Seton" {vorpal, Drain rElec
                  | Dex+5}
 10292 | D:9      | Noticed a two-headed ogre
 10298 | D:9      | Killed a two-headed ogre
 10835 | D:10     | Entered Level 10 of the Dungeon
 10963 | D:10     | Found a snail-covered altar of Cheibriados.
 10972 | D:10     | Reached skill level 5 in Dodging
 11079 | D:10     | Found a staircase to the Lair.
 11149 | D:10     | Noticed an orc knight
 11167 | D:10     | Noticed a centaur warrior
 11174 | D:10     | Killed a centaur warrior
 11209 | D:10     | Noticed a two-headed ogre
 11210 | D:10     | Noticed a red ugly thing
 11215 | D:10     | Killed a two-headed ogre
 11216 | D:10     | Killed a red ugly thing
 11323 | D:10     | Found an iron altar of Okawaru.
 11426 | D:10     | Found a staircase to the Orcish Mines.
 11579 | D:10     | Found a sacrificial altar of Ru.
 11743 | D:11     | Noticed a boulder beetle
 11751 | D:11     | Killed a boulder beetle
 11792 | D:11     | Noticed a manticore
 11801 | D:11     | Killed a manticore
 11802 | D:11     | Reached skill level 12 in Invocations
 11949 | D:11     | Gained Bogric as an ally
 11965 | D:11     | Found a portal to a secret trove of treasure.
 11973 | D:11     | Reached ***** piety under Beogh
 12000 | D:11     | Identified the +3 dagger of Zyducaud {spect, Str-5 Dex+5}
 12955 | D:12     | Noticed a purple ugly thing
 12962 | D:12     | Killed a purple ugly thing
 12968 | D:12     | Noticed a cyclops
 12974 | D:12     | Killed a cyclops
 13157 | D:12     | Noticed a cyan ugly thing
 13160 | D:12     | Noticed a deep elf archer
 13164 | D:12     | Killed a cyan ugly thing
 13165 | D:12     | Noticed a deep elf archer
 13167 | D:12     | Killed a deep elf archer
 13168 | D:12     | Reached XP level 12. HP: 81/103 MP: 21/21
 13168 | D:12     | Noticed a deep elf knight
 13172 | D:12     | Killed a deep elf knight
 13635 | D:13     | Noticed a six-headed hydra
 13639 | D:13     | Killed a four-headed hydra
 13674 | D:13     | Noticed an eight-headed hydra
 13686 | D:13     | Found a flickering gateway to a bazaar.
 13686 | D:13     | Killed an eight-headed hydra
 13693 | D:13     | Noticed a centaur warrior
 13694 | D:13     | Killed a centaur warrior
 13703 | Bazaar   | Entered a bazaar
 13703 | Bazaar   | Found Jeajonel's General Store.
 13703 | Bazaar   | Found Jauleg's Assorted Antiques.
 13704 | Bazaar   | Found Luaj's General Store.
 13704 | Bazaar   | Found Mukhlesha's Weapon Emporium.
 13799 | D:13     | Reached skill level 13 in Invocations
 13808 | D:13     | Identified the +2 scale mail of the True Pharaoh {-Cast
                  | *Corrode rElec rN+++}
 13838 | D:13     | Noticed a boulder beetle
 13844 | D:13     | Killed a boulder beetle
 13877 | D:13     | Found a runed translucent gate.
 13878 | D:13     | Found a runed translucent gate.
 13878 | D:13     | Found a runed translucent gate.
 13880 | D:13     | Noticed Ofobribb's ghost (journeyman VSBe)
 13892 | D:13     | Killed Ofobribb's ghost
 14082 | D:13     | Noticed a yaktaur captain
 14089 | D:13     | Killed a yaktaur captain
 14541 | D:14     | Found a hide-covered altar of Uskayaw.
 14629 | D:14     | Found Vyfel's Jewellery Emporium.
 14649 | D:14     | Bought the ring of Daeleshre {rF+ rC+ AC+4 Dex+4} for 654
                  | gold pieces
 14661 | D:14     | Found Carusch's Weapon Emporium.
 14719 | D:14     | Found Todwo's Antique Weapon Emporium.
 14746 | D:14     | Found Roecokae's Assorted Antiques.
 14929 | D:14     | Reached skill level 10 in Axes
 15013 | D:14     | Found Tyxku's Magic Scroll Boutique.
 15027 | D:14     | Bought a scroll of enchant weapon for 112 gold pieces
 15039 | D:14     | Noticed a vault guard
 15162 | D:14     | Killed a vault guard
 15170 | D:14     | Noticed a vault guard
 15190 | D:14     | Killed a vault guard
 15196 | D:14     | Noticed an ogre mage
 15196 | D:14     | Noticed a vault guard
 15202 | D:14     | Killed a vault guard
 15203 | D:14     | Reached skill level 14 in Invocations
 15203 | D:14     | Reached XP level 13. HP: 95/113 MP: 23/23
 15228 | D:14     | Found a gate to the Vaults.
 15228 | D:14     | Noticed a vault guard
 15228 | D:14     | Noticed a vault guard
 15232 | D:14     | Killed a vault guard
 15233 | D:14     | Reached skill level 10 in Fighting
 15238 | D:14     | Killed a vault guard
 15281 | D:14     | Found a huge runed translucent gate.
 15284 | D:14     | Found a huge runed translucent gate.
 15285 | D:14     | Found a huge runed translucent gate.
 15286 | D:14     | Found a huge runed translucent gate.
 15404 | D:14     | Gained Ogrik as an ally
 15671 | D:15     | Entered Level 15 of the Dungeon
 15732 | D:15     | Found a frozen archway.
 15749 | IceCv    | Entered an ice cave
 15870 | IceCv    | Noticed a quicksilver ooze
 15879 | IceCv    | Killed a quicksilver ooze
 16093 | IceCv    | Reached skill level 15 in Invocations
 16265 | IceCv    | Noticed a quicksilver ooze
 16273 | IceCv    | Killed a quicksilver ooze
 16294 | IceCv    | Noticed an azure jelly
 16296 | IceCv    | Found a viscous altar of Jiyva.
 16296 | IceCv    | Noticed an azure jelly
 16308 | IceCv    | Killed an azure jelly
 16310 | IceCv    | Killed an azure jelly
 16394 | IceCv    | Noticed a rockslime
 16394 | IceCv    | Noticed a quicksilver ooze
 16409 | IceCv    | Killed a quicksilver ooze
 16410 | IceCv    | Reached skill level 10 in Shields
 16410 | IceCv    | Reached XP level 14. HP: 109/122 MP: 6/25
 16414 | IceCv    | Killed a rockslime
 16563 | IceCv    | Got the +7 hand axe of Bloody Death {freeze, Dex+4}
 16682 | IceCv    | Noticed a quicksilver ooze
 16688 | IceCv    | Killed a quicksilver ooze
 16689 | IceCv    | Reached skill level 10 in Armour
 16730 | IceCv    | Lost intelligence.
 16741 | IceCv    | Identified the +1 pair of gloves of the Playwright {rN+
                  | Will+}
 16809 | D:15     | Found a basalt altar of Yredelemnul.
 16914 | D:15     | Found a staircase to the Depths.
 17072 | D:15     | Reached skill level 16 in Invocations
 17089 | D:15     | Identified Roxanne's Disquisition on Earth
 17089 | D:15     | Noticed Roxanne
 17101 | D:15     | Killed Roxanne
 17573 | Orc:1    | Entered Level 1 of the Orcish Mines
 17596 | Orc:1    | Found a roughly hewn altar of Beogh.
 17740 | Orc:2    | Entered Level 2 of the Orcish Mines
 17851 | Orc:2    | Found Ofymyor's Book Shop.
 17851 | Orc:2    | Found Ashetaobry's Book Emporium.
 17852 | Orc:2    | Found Qocuwo Weba's Magic Scroll Emporium.
 17852 | Orc:2    | Found Warchiotzuo's Assorted Antiques.
 17861 | Orc:2    | Your ally Ogrik died
 18045 | Orc:2    | Found a staircase to the Elven Halls.
 18499 | Orc:1    | Found a roughly hewn altar of Beogh.
 18509 | Orc:1    | Reached skill level 17 in Invocations
 18509 | Orc:1    | Reached XP level 15. HP: 119/132 MP: 27/27
 18596 | Orc:1    | Found Busir's Antique Armour Boutique.
 18922 | Lair:1   | Entered Level 1 of the Lair of Beasts
 21548 | Lair:4   | Identified the +2 leather armour of Salvation {rPois Will-
                  | SInv}
 21558 | Lair:4   | Found a staircase to the Snake Pit.
 21591 | Lair:4   | Found a staircase to the Shoals.
 22257 | Lair:5   | Reached ****** piety under Beogh
 22259 | Lair:5   | Gained Syrus as an ally
 22279 | Lair:5   | Found a dark tunnel.
 22292 | Volcano  | Entered a volcano
 23430 | Lair:5   | Identified the ring "Plog" {rPois rF+}
 23580 | Lair:6   | Entered Level 6 of the Lair of Beasts
 23591 | Lair:6   | Reached skill level 10 in Evocations
 23892 | Lair:6   | Gained Wulfoc as an ally
 23920 | Lair:6   | Found a viscous altar of Jiyva.
 23920 | Lair:6   | Found a staircase to the Slime Pits.
 24682 | Shoals:1 | Entered Level 1 of the Shoals
 24688 | Shoals:1 | Found Onueq's Magic Scroll Shop.
 24711 | Shoals:1 | Bought a scroll of acquirement for 728 gold pieces
 24715 | Shoals:1 | Acquired 779 gold pieces
 25028 | Shoals:1 | Reached XP level 16. HP: 130/141 MP: 28/28
 25949 | Shoals:2 | Reached skill level 18 in Invocations
 26515 | Shoals:2 | Found Vaedghut's Firing Range.
 26681 | Shoals:2 | Noticed Jorgrun
 26702 | Shoals:2 | Killed Jorgrun
 30554 | Shoals:3 | Noticed a kraken
 30565 | Shoals:3 | Killed a kraken
 31106 | Shoals:4 | Entered Level 4 of the Shoals
 31909 | Shoals:4 | Paralysed by an air elemental for 1 turns
 31912 | Shoals:4 | Paralysed by an air elemental for 1 turns
 32127 | Shoals:4 | Your ally Bogric died
 32142 | Shoals:4 | Your ally Syrus died
 32196 | Shoals:4 | Reached XP level 17. HP: 52/150 MP: 30/30
 32503 | Shoals:4 | Noticed Polyphemus
 32535 | Shoals:4 | Killed Polyphemus
 33048 | Shoals:4 | Found the +5 sword of Power {vorpal}
 33062 | Shoals:4 | HP: 6/151 [merfolk javelineer/silver javelin (3)]
 33063 | Shoals:4 | Hit by a silver javelin thrown by a merfolk javelineer

Illustrated notes

Levels and vault maps discovered:
D:1:      dpeg_arrival_pits, layout_rooms, ebering_ecumenical_altar_petrified
D:2:      layout_loops_corners, uniq_crazy_yiuf_cottage
D:3:      layout_loops_cross, general_overflow_altar,
          gammafunk_temple_overflow_elements, trog_wizard, minmay_snake_closets
D:4:      layout_loops_ring
D:5:      layout_cave_pools, serial_rivers, chequers_serial_rivers_micro_e,
          chequers_serial_rivers_large_b, chequers_serial_rivers_micro_b,
          chequers_serial_rivers_small_a, enter_ossuary_3
D:6:      layout_cave_pools, uniq_pikel
D:7:      layout_basic, worldfamousw_hep_ancestral_shrine,
          minmay_temple_entry_ruins, minmay_misc_feat_rows, uniq_duvessa
D:8:      layout_loops_ring, mainiacjoe_overflow_paths, doesnt_xom_only_xom
D:9:      minmay_the_grid_octo_tiled_octocenter [minmay_the_grid_octo_clover,
          minmay_the_grid_octo_clover_2, minmay_the_grid_octo_checkered,
          minmay_the_grid_octo_toaster, minmay_the_grid_octo_prize_big_c,
          minmay_the_grid_square_5x5_three,
          minmay_the_grid_square_5x5_three_small,
          minmay_the_grid_square_5x5_gyroscope,
          minmay_the_grid_square_5x5_intrusive_squares], layout_rooms,
          doesnt_shop_hydraphobe, uniq_erolcha
D:10:     layout_loops_ring, mainiacjoe_overflow_alcove_2, okawaru_humans,
          cheibriados_altar_1, dpeg_oklobed_lair, david_orc_3, kb_rosetta
D:11:     layout_loops_cross, serial_co_window_serial, co_window_paths_a,
          co_window_paths_a, co_window_corner_a, co_window_corner_a,
          co_window_corner_a, co_window_corner_a, co_window_paths_a,
          co_window_of_opportunity_b, co_window_2corner, co_window_broadway_a,
          co_window_corner_b, co_window_paths_c, co_window_paths_e,
          glass_columns_a, nicolae_trove_entry_crossroad
D:12:     layout_irregular_city
D:13:     layout_rooms, ebering_ghost_rock_garden, serial_shops, freezing_bzr,
          kennysheep_just_a_vault
D:14:     lemuel_bear_cage, layout_loops_ring, grunt_vaults_entry_fortified,
          nicolae_uskayaw_murder_on_the_dancefloor, serial_shops, shop,
          nicolae_shop_trees, nicolae_diamond_shop, nicolae_shop_hallway_plus,
          shop_fountains, hangedman_decor_growths, kennysheep_generic_room_2
D:15:     gammafunk_depths_entry_grave, layout_loops_ring,
          yredelemnul_altar_generic, portal_ice_cave_entry_pillars_four,
          uniq_roxanne
Lair:1:   layout_hall_layers, beast_lair_carwin_9
Lair:2:   layout_regular_city, grunt_forest_stairs_basic,
          grunt_forest_stairs_clearing, grunt_megastairs_5
Lair:3:   layout_roguey, infiniplex_staircase_pool_2, serial_bayou_shore_b
Lair:4:   layout_gridlike, elwin_shoals_entry_rocks,
          minmay_snake_entry_six_corridors
Lair:5:   layout_concentric_octagons, nicolae_volcano_entry_vermiform,
          infiniplex_staircase_pool
Lair:6:   guppyfry_lair_end_dragon, layout_regular_city, slime_altar_1,
          nicolae_quartered_pool_super, st_stairs_9, lemuel_fruit_fields
Shoals:1: layout_shoals, serial_shops, shop_statue
Shoals:2: layout_shoals, nicolae_shop_firing_range, uniq_jorgrun
Shoals:3: layout_shoals
Shoals:4: shoals_end_hellmonk_storm_palace [storm_palace_center_circular,
          storm_palace_corner_grid, storm_palace_corner_reverse_hut,
          storm_palace_corner_blocked, storm_palace_corner_reverse_hut],
          uniq_donald, uniq_polyphemus
Orc:1:    layout_caves, basic_altar, serial_shops, shop_statue,
          kennysheep_orc_chapel
Orc:2:    st_orc_ogre_mass, layout_caves

Skill      XL: |  1  2  3  4  5  6  7  8  9 10 11 12 13 14 15 16 |
---------------+-------------------------------------------------+-----
Invocations    | 1 2 3 4 5 7 9 10 12 14 15 17 18 | 18.6
Axes           | 3 4 5 6 7 9 10 11 12 13 14 | 14.5
Evocations     | 1 2 3 4 5 6 7 8 9 10 11 | 11.2
Fighting       | 4 5 6 7 8 9 10 11 12 13 | 13.7
Dodging        | 1 2 3 4 5 6 7 8 9 |  9.4
Shields        | 4 5 6 7 8 9 10 11 12 | 12.7
Armour         | 4 5 6 7 8 9 10 11 12 | 12.7

Action                   |  1- 3 |  4- 6 |  7- 9 | 10-12 | 13-15 | 16-18 || total
-------------------------+-------+-------+-------+-------+-------+-------++-------
Melee: War axe           |   101 |   170 |   252 |   347 |   344 |       ||  1214
       Broad axe         |       |       |       |       |   296 |   383 ||   679
Invok: Convert to Beogh  |       |     1 |       |       |       |       ||     1
       Recall Orcish Fol |       |       |       |     6 |    12 |     5 ||    23
       Smiting           |       |       |       |     5 |    16 |     6 ||    27
       Give Item to Name |       |       |       |     1 |     3 |       ||     4
       Resurrection      |       |       |       |       |       |     1 ||     1
Evoke: Wand              |       |       |       |     3 |     1 |     2 ||     6
       Condenser vane    |       |       |       |     1 |     1 |     2 ||     4
       Box of beasts     |       |       |       |     1 |       |     2 ||     3
  Use: Potion            |     1 |       |     9 |     3 |     6 |     4 ||    23
       Scroll            |       |     6 |     7 |    15 |     7 |     5 ||    40
 Stab: Invisible         |       |       |    13 |       |       |       ||    13
       Distracted        |       |       |       |     5 |     6 |       ||    11
       Petrified         |       |       |       |       |       |     5 ||     5
Armor: Scale mail        |    61 |    73 |    65 |       |       |       ||   199
       Chain mail        |       |       |    62 |    51 |       |       ||   113
       Plate armour      |       |       |       |   153 |   440 |   209 ||   802
Dodge: Dodged            |    47 |    49 |    89 |    98 |   169 |   126 ||   578
Block: Buckler           |     6 |       |       |       |       |       ||     6
       Kite shield       |    40 |   101 |   178 |   179 |       |       ||   498
       Tower shield      |       |       |       |    95 |   805 |   584 ||  1484
       Reflection        |       |       |       |       |     4 |    61 ||    65
